 Dungeon Crawl Stone Soup version 0.26.1-11-gd32895ea62 (webtiles) character file.

Game seed: 1195085350593850459

8303 Tirrikindir the Carver (level 11, -8/72 HPs)
             Began as an Octopode Fighter on May 16, 2021.
             Was an Initiate of Gozag.
             Mangled by a yak (18 damage)
             ... on level 9 of the Dungeon on May 17, 2021.
             The game lasted 00:23:37 (9693 turns).

Tirrikindir the Carver (Octopode Fighter)           Turns: 9693, Time: 00:23:38

Health: -8/72      AC:  1    Str: 18    XL:     11   Next: 28%
Magic:  21/21      EV: 17    Int: 11    God:    Gozag
Gold:   939        SH: 15    Dex: 18    Spells: 11/12 levels left

rFire    . . .     SeeInvis .   s - +1 long sword (flame)
rCold    . . .     Faith    .   b - +4 kite shield
rNeg     . . .     Spirit   .   (helmet restricted)
rPois    +         Reflect  .   o - amulet of Poppeicw {Acrobat *Slow +Inv Slay+3}
rElec    .         Harm     .   g - +6 ring of dexterity
rCorr    .         Rampage  .   m - ring of magical power
Will     +....                  d - ring of willpower
Stlth    +++++.....             y - ring of poison resistance
HPRegen  0.22/turn              (no ring)
MPRegen  0.17/turn              (no ring)
                                (no ring)
                                (no ring)

@: studying Translocations
A: almost no armour, stealthy swim, amphibious, 8 rings, constrict 8, camouflage
1, gelatinous body 1
a: Renounce Religion, Evoke Invisibility, Potion Petition, Call Merchant, Bribe
Branch


You were on level 9 of the Dungeon.
You worshipped Gozag.
Gozag was pleased with you.
You visited 2 branches of the dungeon, and saw 11 of its levels.

You collected 1223 gold pieces.
You spent 175 gold pieces at shops.
You paid 109 gold pieces to Gozag.

Inventory:

Hand Weapons
 s - a +1 long sword of flaming (weapon)
Missiles
 n - 8 boomerangs (quivered)
 u - 2 curare-tipped darts
Armour
 b - a +4 kite shield (worn)
Jewellery
 d - a ring of willpower (on tentacle)
 g - a +6 ring of dexterity (left tentacle)
 m - a ring of magical power (right tentacle)
 o - the amulet of Poppeicw (around mantle) {Acrobat *Slow +Inv Slay+3}
   (You found it on level 4 of the Dungeon)

   [amulet of the acrobat]

   It helps you evade while moving and waiting.
   It affects your accuracy and damage with ranged weapons and melee attacks
   (+3).
   It lets you turn invisible.
   It may slow you when you take damage.
 y - a ring of poison resistance (on tentacle)
Wands
 a - a wand of iceblast (8)
 j - a wand of enslavement (9)
 w - a wand of paralysis (10)
 x - a wand of flame (22)
Scrolls
 e - 4 scrolls of teleportation
 i - 2 scrolls of magic mapping
 l - 5 scrolls of remove curse
 t - a scroll of fear
 z - a scroll of summoning {unknown}
Potions
 c - a potion of brilliance
 f - a potion of might
 h - 3 potions of heal wounds
 k - 5 potions of curing
 p - 2 potions of cancellation
 r - a potion of haste {unknown}
 v - a potion of resistance
Books
 q - a manual of Translocations


   Skills:
 + Level 6.1 Fighting
 * Level 10.3 Long Blades
 * Level 7.8 Dodging
 + Level 7.7 Stealth
 * Level 7.8 Shields
 - Level 1.0 Spellcasting
 - Level 4.0 Translocations
 + Level 4.9 Evocations


You had 11 spell levels left.
You knew the following spells:

 Your Spells              Type           Power        Failure   Level
a - Apportation           Tloc           18%          16%         1

Your spell library contained the following spells:

 Spells                   Type           Power        Failure   Level
 Animate Skeleton         Necr           0%           63%         1
 Corona                   Hex            0%           63%         1
 Summon Small Mammal      Summ           0%           63%         1
 Ensorcelled Hibernation  Hex/Ice        0%           77%         2
 Confusing Touch          Hex            0%           94%         3
 Dazzling Flash           Conj/Hex       0%           94%         3
 Tukima's Dance           Hex            0%           94%         3


Dungeon Overview and Level Annotations

Branches:
Dungeon (10/15)            Temple (1/1) D:5
   Lair: D:8-11         Orc: D:9-12

Altars:
Ashenzari
Cheibriados
Dithmenos
Elyvilon
Fedhas
Gozag
Hepliaklqana
Kikubaaqudgha
Makhleb
Nemelex Xobeh
Okawaru
Qazlal
Ru
Sif Muna
Trog
Uskayaw
Vehumet
Wu Jian
Xom
Yredelemnul
Zin
The Shining One

Shops:
D:8 (}*:}


Innate Abilities, Weirdness & Mutations

You cannot wear most types of armour.
You are very stealthy in the water. (Stealth+)
You are amphibious.
You can wear up to eight rings at the same time.
You can use your tentacles to constrict eight enemies at once.
Your skin changes colour to match your surroundings (Stealth+).
Your rubbery body absorbs attacks. (AC +1, EV +1)


Message History

The yak completely misses you.
You riposte.
You hit the yak. You burn the yak.
The yak is lightly wounded.
You climb upwards.
Reactivating autopickup.
There is a stone staircase leading down here.
You slash the yak! You burn the yak. Your squeeze misses the yak.
The yak is moderately wounded.
The yak barely misses you.
You hit the yak but do no damage.
The yak is moderately wounded.
You block the yak's attack. The yak gores you!
* * * LOW HITPOINT WARNING * * *
You hit the yak. You burn the yak.
The yak is heavily wounded.
You block the yak's attack.
You barely miss the yak.
The yak is heavily wounded.
The yak gores you!!
You die...
Your body crumbles into a pile of gold.

...##############.###########....
.###.....# #.........# #####
.....☼._.# #####'##### ####.....#
#..# ####### ##.# ####+##
######.## ##.....### #.......#
.'.....'.####....[..#
##.....#...##...@Y..#
#.....###.##.......#############
#.....# #.##.........[..<.......
#.....# #.##.......#############
####### #..........# ####.......#
#.(.....# #########


You could see a yak.

Vanquished Creatures
  Harold (D:7)
  2 two-headed ogres
  An unseen horror (D:10)
  Pikel (D:7)
  Joseph (D:8)
  Prince Ribbit (D:7)
  Sigmund (D:2)
  6 yaks (D:9)
  A wraith (D:10)
  2 water moccasins (D:10)
  3 black bears
  2 sky beasts
  2 orc warriors
  3 ogres
  The ghost of Zeld the Skirmisher, an amateur OpFi (D:3)
  A centaur (D:8)
  7 bullfrogs
  2 big kobolds
  2 lemures (D:7)
  A water moccasin skeleton (D:8)
  3 scorpions
  6 killer bees (D:10)
  3 howler monkeys
  4 electric eels (D:10)
  A centaur zombie (D:7)
  A quasit (D:7)
  2 hounds
  3 orc priests (D:8)
  2 centaur skeletons
  A gnoll shaman (D:7)
  6 orc wizards
  A bullfrog skeleton (D:5)
  An iguana (D:5)
  8 worker ants
  4 gnolls
  13 adders
  A white imp (D:9)
  An ufetubus (D:6)
  5 oozes
  2 adder skeletons
  4 worms
  5 dart slugs
  5 leopard geckos
  18 orcs
  2 ball pythons
  7 giant cockroaches
  6 goblins
  14 hobgoblins
  12 jackals
  A quokka (D:6)
  13 bats
  4 frilled lizards
  11 kobolds
  A leopard gecko skeleton (D:8)
  A quokka skeleton (D:4)
  A quokka zombie (D:5)
  14 rats
228 creatures vanquished.

Notes
Turn   | Place    | Note
-------+----------+-------------------------------------------
     0 | D:1      | Tirrikindir the Octopode Fighter began the quest for the
                  | Orb.
     0 | D:1      | Reached XP level 1. HP: 16/16 MP: 1/1
   325 | D:1      | Reached XP level 2. HP: 18/21 MP: 2/2
   654 | D:1      | Reached skill level 1 in Stealth
   855 | D:1      | Reached XP level 3. HP: 26/26 MP: 3/3
  1149 | D:2      | Noticed Sigmund
  1159 | D:2      | Killed Sigmund
  1160 | D:2      | Reached skill level 3 in Long Blades
  1160 | D:2      | Reached XP level 4. HP: 22/32 MP: 4/4
  1160 | D:2      | Reached XP level 5. HP: 25/36 MP: 5/5
  1232 | D:2      | Found a sparkling altar of Nemelex Xobeh.
  1396 | D:2      | Found a snail-covered altar of Cheibriados.
  1476 | D:2      | Found a hazy altar of Hepliaklqana.
  1574 | D:2      | Reached XP level 6. HP: 41/43 MP: 6/6
  1712 | D:2      | Reached skill level 4 in Long Blades
  2242 | D:3      | Found a runed translucent door.
  2242 | D:3      | Noticed Zeld's ghost (amateur OpFi)
  3535 | D:4      | Got a smoking graven amulet
  3541 | D:4      | Identified the amulet of Poppeicw {Acrobat *Slow +Inv
                  | Slay+3} (You found it on level 4 of the Dungeon)
  3635 | D:4      | Reached XP level 7. HP: 42/48 MP: 7/7
  3820 | D:4      | Reached skill level 5 in Long Blades
  4349 | D:5      | Entered Level 5 of the Dungeon
  4396 | D:5      | Found a staircase to the Ecumenical Temple.
  4410 | Temple   | Entered the Ecumenical Temple
  4802 | D:5      | Reached skill level 6 in Long Blades
  4911 | D:5      | Reached skill level 7 in Long Blades
  4911 | D:5      | Reached XP level 8. HP: 54/54 MP: 8/8
  5138 | D:3      | Killed Zeld's ghost
  5139 | D:3      | Reached skill level 8 in Long Blades
  5141 | D:3      | Learned a level 1 spell: Apportation
  5214 | D:6      | Found an ancient bone altar of Kikubaaqudgha.
  5219 | D:6      | Found a blossoming altar of Fedhas.
  5232 | D:6      | Found a shimmering blue altar of Sif Muna.
  5234 | D:6      | Found a burning altar of Makhleb.
  5235 | D:6      | Found a shadowy altar of Dithmenos.
  5338 | D:6      | Found an iron altar of Okawaru.
  5506 | D:6      | Found an opulent altar of Gozag.
  5509 | D:6      | Became a worshipper of Gozag Ym Sagoz the Greedy
  5613 | D:6      | Reached skill level 1 in Translocations
  5822 | D:7      | Noticed Prince Ribbit
  5827 | D:7      | Killed Prince Ribbit
  5828 | D:7      | Reached skill level 1 in Evocations
  5996 | D:7      | Reached skill level 1 in Spellcasting
  6184 | D:7      | Noticed Harold
  6187 | D:7      | Reached XP level 9. HP: 59/59 MP: 10/10
  6196 | D:7      | Noticed Pikel
  6198 | D:7      | Killed Harold
  6199 | D:7      | Reached skill level 5 in Dodging
  6199 | D:7      | Reached skill level 5 in Stealth
  6199 | D:7      | Reached skill level 5 in Shields
  6216 | D:7      | Killed Pikel
  6221 | D:7      | Reached skill level 9 in Long Blades
  6751 | D:8      | Noticed Joseph
  6758 | D:8      | Killed Joseph
  6759 | D:8      | Reached skill level 5 in Fighting
  6759 | D:8      | Reached XP level 10. HP: 66/66 MP: 11/11
  6960 | D:8      | Found Inwef's Antique Weapon Shoppe.
  6963 | D:8      | Bought a transparent dagger for 175 gold pieces
  6963 | D:8      | Identified the +5 dagger of the Philosopher {flame, +Inv
                  | rPois Int+4} (You bought it in a shop on level 8 of the
                  | Dungeon)
  6982 | D:8      | Found Doklushre's Assorted Antiques.
  7044 | D:8      | Noticed a two-headed ogre
  7051 | D:8      | Killed a two-headed ogre
  7401 | D:8      | Found Kusoxa's Book Shoppe.
  7560 | D:8      | Found Xapramoa's Gadget Shoppe.
  7625 | D:8      | Found Vycoy's Gadget Shop.
  8436 | D:9      | Found a stormy altar of Qazlal.
  8816 | D:9      | Found a bloodstained altar of Trog.
  8907 | D:10     | Entered Level 10 of the Dungeon
  8959 | D:10     | Reached skill level 10 in Long Blades
  9147 | D:10     | Reached XP level 11. HP: 56/72 MP: 12/12
  9269 | D:10     | Killed an unseen horror
  9279 | D:10     | Noticed a two-headed ogre
  9358 | D:10     | Killed a two-headed ogre
  9693 | D:9      | Mangled by a yak

Illustrated notes

Levels and vault maps discovered:
D:1:      dpeg_arrival_refuge, layout_loops_ring, minmay_misc_feat_encased,
          minmay_misc_feat_tower, chequers_serial_rivers_micro_e
D:2:      layout_loops_corners, lemuel_round_altar, old_standard_altar,
          kennysheep_slug_shrine, uniq_sigmund
D:3:      layout_loops_corners, gammafunk_ghost_grave, kennysheep_generic_room_7
D:4:      layout_loops_ring, minmay_manual_moon
D:5:      cheibrodos_helix_gallery, layout_cave_pools, minmay_temple_entry_mist
D:6:      layout_cave_pools, grunt_temple_overflow_open, lemuel_doored_altar,
          okawaru_altar_gauntlet_db
D:7:      layout_rooms, uniq_pikel, uniq_harold, uniq_prince_ribbit1
D:8:      layout_loops_cross, serial_shops, kennysheep_mini_moat,
          nicolae_shop_temple_entry_statues_fountains, shop, nicolae_shop_trees,
          nicolae_shop_window_shopping, uniq_joseph
D:9:      layout_roguey, nicolae_overflow_crystal_walls, trog_book
D:10:     layout_basic, hex_large
Temple:   minmay_temple_bridge_abc

Skill      XL: |  1  2  3  4  5  6  7  8  9 10 11 |
---------------+----------------------------------+-----
Stealth        | 1 2 3 4 6 7 |  7.7
Long Blades    | 3 4 7 8 9 10 | 10.3
Shields        | 4 6 7 |  7.8
Dodging        | 4 6 7 |  7.8
Fighting       | 4 5 6 |  6.1
Translocations | 2 4 |  4.0
Evocations     | 1 3 4 |  4.9
Spellcasting   | 1 |  1.0

Action                   |  1- 3 |  4- 6 |  7- 9 | 10-12 || total
-------------------------+-------+-------+-------+-------++-------
Melee: Long sword        |    39 |   107 |   129 |   166 ||   441
       Constrict         |     8 |    25 |    39 |    33 ||   105
       Tentacles         |     7 |    23 |    42 |    47 ||   119
Throw: Boomerang         |       |       |     6 |     3 ||     9
       Dart              |       |       |     2 |       ||     2
  Use: Scroll            |     3 |     9 |    10 |     2 ||    24
       Potion            |     1 |       |       |     1 ||     2
 Stab: Sleeping          |     8 |    16 |     8 |     5 ||    37
       Distracted        |       |     1 |     3 |     1 ||     5
Armor: Skin              |     5 |     4 |       |     1 ||    10
Dodge: Dodged            |    13 |    40 |    54 |    88 ||   195
Block: Kite shield       |    11 |    42 |    78 |   120 ||   251
       Rpst.: Long sword |     6 |    10 |    16 |    22 ||    54
